 Seeded DCSS version 0.26-a0-663-g36e8fdb655 (webtiles) character file.

Game seed: 12246631163096203030 (custom seed)

53393 flotson the Spear-Bearer (level 14, -16/111 HPs)
             Began as a Demonspawn Delver on Oct 11, 2020.
             Was a High Priest of Trog.
             Demolished by Donald
             ... wielding a +2 scimitar of distortion
              (17 damage)
             ... while paralysed by an ogre mage
             ... on level 2 of the Orcish Mines.
             The game lasted 00:41:22 (16266 turns).

flotson the Spear-Bearer (Demonspawn Delver)       Turns: 16266, Time: 00:41:23

Health: -16/111    AC: 14    Str: 43    XL:     14   Next: 30%
Magic:  0/14       EV:  2    Int: 12    God:    Trog [*****.]
Gold:   2094       SH:  0    Dex: 19    Spells: 13/13 levels left

rFire    . . .     SeeInvis .   a - +8 spear "Ipromi" {vorpal, rElec rPois Str-3}
rCold    . . .     Faith    .   q - -2 kite shield (curse)
rNeg     . . .     Spirit   +   P - +2 leather armour of Bextal {*Contam Str+7 Slay+5}
rPois    +         Reflect  .   o - +0 hat of Bouclosk {MR- Str+9}
rElec    +         Harm     .   S - +2 cloak
rCorr    .         Rampage  .   w - +0 pair of gloves
MR       .....                  u - +2 pair of boots
Stlth    ++++......             R - amulet of Ureu {*Drain Regen+ Str+2 Dex+3 Stlth+}
HPRegen  0.68/turn              L - +6 ring of strength
MPRegen  0.14/turn              J - +6 ring of strength

@: paralysed, mighty, agile, slowed
A: claws 1, large bone plates 3, powered by pain 1, magic shield
a: Berserk, Trog's Hand, Brothers in Arms, Renounce Religion


You were on level 2 of the Orcish Mines.
You worshipped Trog.
Trog was extremely pleased with you.
You visited 3 branches of the dungeon, and saw 18 of its levels.
You also visited: Bailey.

You collected 2094 gold pieces.

Inventory:

Hand Weapons
 a - the +8 spear "Ipromi" (weapon) {vorpal, rElec rPois Str-3}
   (You found it on level 5 of the Dungeon)

   It inflicts extra damage upon your enemies.
   It affects your strength (-3).
   It insulates you from electricity.
   It protects you from poison.
 b - a +0 hand crossbow
 Y - a +0 broad axe
Missiles
 i - 119 bolts
 k - 37 poisoned darts (quivered)
 v - 4 boomerangs of dispersal
 T - 5 javelins
Armour
 o - the +0 hat of Bouclosk (worn) {MR- Str+9}
   (You found it on level 8 of the Dungeon)

   It affects your strength (+9).
   It affects your resistance to hostile enchantments.
 q - a cursed -2 kite shield (worn)
 u - a +2 pair of boots (worn)
 w - a +0 pair of gloves (worn)
 P - the +2 leather armour of Bextal (worn) {*Contam Str+7 Slay+5}
   (You found it on level 9 of the Dungeon)

   It affects your strength (+7).
   It affects your accuracy and damage with ranged weapons and melee attacks
   (+5).
   It causes magical contamination when unequipped.
 Q - the +5 ring mail of Guev {rF+++ Int-3 Dex+9 Stlth-}
   (You took it off an orc knight in a bailey)

   It affects your intelligence (-3).
   It affects your dexterity (+9).
   It renders you almost immune to fire.
   It makes you less stealthy.
 S - a +2 cloak (worn)
Jewellery
 g - an uncursed ring of protection from cold
 p - an uncursed ring of resist corrosion
 E - an uncursed amulet of regeneration {unknown}
 J - a +6 ring of strength (right hand)
 K - the ring of Bulagh {Fire rN+ MP+9 Dex-4}
   (You found it on level 6 of the Lair of Beasts)

   [ring of fire]

   It enhances your fire magic.
   It affects your dexterity (-4).
   It protects you from fire.
   It makes you vulnerable to cold.
   It protects you from negative energy.
   It affects your magic capacity (+9).
 L - a +6 ring of strength (left hand)
 R - the amulet of Ureu (around neck) {*Drain Regen+ Str+2 Dex+3 Stlth+}
   (You found it on level 10 of the Dungeon)

   [amulet of regeneration]

   It affects your strength (+2).
   It affects your dexterity (+3).
   It increases your rate of regeneration.
   It causes draining when unequipped.
   It makes you more stealthy.
 U - an uncursed amulet of the acrobat {unknown}
Wands
 f - a wand of digging (14)
 l - a wand of acid (9)
 F - a wand of iceblast (50)
 N - a wand of polymorph (6)
Scrolls
 c - 5 scrolls of magic mapping
 d - 4 scrolls of fear
 h - 5 scrolls of fog
 m - 4 scrolls of remove curse
 n - 5 scrolls of enchant armour
 r - 6 scrolls of teleportation
 t - 4 scrolls of blinking
 C - 11 scrolls of enchant weapon
 G - a scroll of vulnerability {unknown}
 I - 3 scrolls of immolation
 V - a scroll of holy word {unknown}
 Z - a scroll of torment {unknown}
Potions
 e - 2 potions of haste
 j - 6 potions of flight
 s - a potion of berserk rage {unknown}
 x - a potion of lignification
 z - 2 potions of heal wounds
 A - 2 potions of mutation
 B - a potion of invisibility
 D - 7 potions of curing
 H - a potion of resistance
 M - a potion of might
 O - a potion of ambrosia
Miscellaneous
 y - a phantom mirror
 W - a phial of floods
 X - a condenser vane (2/2)


   Skills:
 + Level 10.4 Fighting
 - Level 12.0 Polearms
   Level 0.3(1.0) Slings
 - Level 1.0 Crossbows
 - Level 1.3(1.4) Throwing
 + Level 9.2 Armour
 + Level 9.5 Dodging
 + Level 4.9 Stealth
 + Level 9.1 Shields
 - Level 1.7 Unarmed Combat
 + Level 8.8 Evocations


You had 13 spell levels left.
You didn't know any spells.
Your spell library was empty.

Dungeon Overview and Level Annotations

Branches:
Dungeon (10/15)            Temple (0/1) D:4            Lair (6/6) D:10
  Swamp (0/4) Lair:3        Snake (0/4) Lair:4        Slime (0/5) Lair:5
    Orc (2/2) D:9          Bailey (visited)
    Elf: Orc:2

Altars:
Ashenzari
Gozag
Trog
Xom
Jiyva

Shops:
D:5 !   D:6 =   D:8 (

Annotations:
Orc:2 Donald


Innate Abilities, Weirdness & Mutations

You have sharp fingernails.
You are completely covered in large bone plates. (SH +8)
You sometimes gain a little power by taking damage.
When hurt, damage is shared between your health and your magic reserves.


Message History

An ogre comes into view. It is wielding a +0 giant club.
The ogre hits you with a +0 giant club!
An orc warrior comes into view. It is wielding a +0 hand axe.
Donald hits you with a +2 scimitar of distortion!!!
You focus on the pain.
You feel more agile all of a sudden. Space warps horribly around you!
* * * LOW HITPOINT WARNING * * *
The ogre mage hits you but does no damage.
The ogre mage hits you with a +0 flail!
* * * LOW HITPOINT WARNING * * *
The ogre hits you with a +0 giant club.
* * * LOW HITPOINT WARNING * * *
The ogre mage points at you and mumbles some strange words.
The bolt of lightning hits you! You resist.
* * * LOW HITPOINT WARNING * * *
Donald hits you with a +2 scimitar of distortion.
* * * LOW HITPOINT WARNING * * *
Space warps horribly around you!!
You die...

............. .#
o............##.$.
..................
.........$.......
#.....#.........
#.....†<)....$. .
##.....)[.O....
....##@o..)[......
......O@..........
....##OO..........
... ..O.<.(.......
..O............#
..................
............<....
................
...............


You could see Donald (fast, strong), a two-headed ogre, 2 ogre magi, an orc
warrior (wandering), 3 ogres and an orc.

Vanquished Creatures
  A stone giant (Orc:1)
  The ghost of Jeban the Spear-Bearer, a journeyman OpFi of Gozag (Lair:5)
  5 hydras
  3 two-headed ogres
  A catoblepas (Lair:6)
  4 death yaks
  Nergalle (Lair:3)
  An unseen horror (D:10)
  An orc knight (Bailey)
  An orc sorcerer (Orc:2)
  2 manticores (Lair:6)
  3 wolf spiders (Lair:6)
  20 elephants
  3 black mambas
  2 torpor snails (Lair:6)
  10 cane toads
  5 komodo dragons
  4 rime drakes
  2 polar bears
  6 trolls
  A slime creature (D:10)
  18 blink frogs
  10 dream sheep
  3 wyverns
  33 yaks
  4 basilisks
  Menkaure (D:7)
  2 wargs (Orc:1)
  23 water moccasins
  15 orc warriors
  A sky beast (D:5)
  3 black bears
  A necrophage (D:10)
  8 ogres
  A phantom (D:10)
  25 wolves
  2 centaurs
  12 bullfrogs
  4 big kobolds
  A gnoll sergeant (D:7)
  A water moccasin skeleton (D:8)
  2 scorpions
  7 electric eels
  4 wights
  A howler monkey (D:9)
  2 bullfrog zombies
  4 hounds
  3 centaur skeletons
  4 jellies
  8 orc priests
  A bullfrog skeleton (D:10)
  An iguana (D:8)
  5 orc wizards
  5 worker ants
  A hound skeleton (D:8)
  A howler monkey zombie (D:9)
  13 adders
  17 gnolls
  3 shadow imps
  2 white imps
  An ooze (D:1)
  An ufetubus (D:9)
  An adder skeleton (D:4)
  A worm (D:2)
  4 dart slugs
  3 leopard geckos
  44 orcs
  2 ball pythons (D:1)
  10 bats
  21 hobgoblins
  2 jackals (D:7)
  29 kobolds
  3 quokkas
  4 frilled lizards
  30 goblins
  6 rats
491 creatures vanquished.

Vanquished Creatures (collateral kills)
  2 death yaks (Lair:6)
  Maurice (D:10)
  4 elephants (Lair:5)
  A cane toad (Lair:5)
  A gargoyle (D:10)
  A rime drake (Lair:5)
  A blink frog (Lair:2)
  2 dream sheep (Lair:5)
  2 yaks (D:9)
  An orc warrior (D:9)
16 creatures vanquished.

Vanquished Creatures (others)
  4 dream sheep (Lair:6)
  30 fungi
  40 plants
74 creatures vanquished.

Grand Total: 581 creatures vanquished

Notes
Turn   | Place    | Note
-------+----------+-------------------------------------------
     0 | D:5      | flotson the Demonspawn Delver began the quest for the Orb.
     0 | D:5      | Reached XP level 1. HP: 18/18 MP: 1/1
     5 | D:5      | Got a translucent spear
     9 | D:5      | Identified the +8 spear "Ipromi" {vorpal, rElec rPois
                  | Str-3} (You found it on level 5 of the Dungeon)
    17 | D:5      | Noticed a worker ant
    32 | D:5      | Noticed a hound
    41 | D:5      | Killed a hound
    41 | D:5      | Reached skill level 1 in Throwing
    41 | D:5      | Reached skill level 1 in Armour
    41 | D:5      | Gained mutation: You are partially covered in large bone
                  | plates. (SH +4) [demonic ancestry]
    41 | D:5      | Reached XP level 2. HP: 19/24 MP: 2/2
    41 | D:5      | Reached XP level 3. HP: 23/29 MP: 3/3
   146 | D:5      | Noticed a sky beast
   164 | D:5      | Noticed an ogre
   175 | D:5      | Found Zimuahe's Distillery.
   190 | D:4      | Noticed a scorpion
   329 | D:5      | Found a bloodstained altar of Trog.
   334 | D:5      | Became a worshipper of Trog the Wrathful
   603 | D:1      | Reached XP level 4. HP: 35/35 MP: 4/4
  1063 | D:2      | Reached * piety under Trog
  1414 | D:2      | Found a faded altar of an unknown god.
  1753 | D:3      | Reached skill level 1 in Shields
  1769 | D:3      | Reached XP level 5. HP: 42/42 MP: 5/5
  2078 | D:3      | Reached skill level 1 in Polearms
  2393 | D:4      | Found a staircase to the Ecumenical Temple.
  2440 | D:4      | Got a translucent plate armour
  2451 | D:4      | Identified the +5 plate armour of Boiling Hail {Stlth+}
                  | (You found it on level 4 of the Dungeon)
  2515 | D:4      | Reached ** piety under Trog
  2515 | D:4      | Reached skill level 2 in Polearms
  2515 | D:4      | Reached XP level 6. HP: 48/48 MP: 6/6
  2660 | D:4      | Got an ichor-stained ring mail
  2671 | D:4      | Identified the cursed +1 ring mail "Ynlyboraf" {Int+3} (You
                  | found it on level 4 of the Dungeon)
  2917 | D:5      | Killed a sky beast
  3062 | D:5      | Found an opulent altar of Gozag.
  3101 | D:5      | Reached skill level 3 in Polearms
  3101 | D:5      | Gained mutation: You are mostly covered in large bone
                  | plates. (SH +6) [demonic ancestry]
  3101 | D:5      | Reached XP level 7. HP: 55/55 MP: 7/7
  3495 | D:5      | Reached *** piety under Trog
  3943 | D:6      | Got a shimmering scale mail
  3963 | D:6      | Identified the +1 scale mail of Fashionability {rN+ rCorr
                  | Int-3 Dex+4} (You found it on level 6 of the Dungeon)
  4630 | D:6      | Reached skill level 4 in Polearms
  4631 | D:6      | Gained mutation: You sometimes gain a little power by
                  | taking damage. [demonic ancestry]
  4631 | D:6      | Reached XP level 8. HP: 61/61 MP: 8/8
  4671 | D:6      | Found Viragog's Jewellery Boutique.
  4708 | D:6      | You fall into a shaft and drop 1 floor!
  4721 | D:7      | Reached skill level 5 in Fighting
  4734 | D:7      | Reached **** piety under Trog
  4953 | D:6      | Reached skill level 1 in Crossbows
  5032 | D:7      | Found an opulent altar of Gozag.
  5046 | D:7      | Noticed Menkaure
  5480 | D:7      | Reached skill level 5 in Polearms
  5749 | D:7      | Killed Menkaure
  6116 | D:8      | Found Gal Xetz's Antique Weapon Emporium.
  6210 | D:8      | Got a distressingly furry hat
  6221 | D:8      | Identified the +0 hat of Bouclosk {MR- Str+9} (You found it
                  | on level 8 of the Dungeon)
  6250 | D:8      | Gained mutation: When hurt, damage is shared between your
                  | health and your magic reserves. [demonic ancestry]
  6250 | D:8      | Reached XP level 9. HP: 69/69 MP: 9/9
  6331 | D:8      | Reached skill level 1 in Evocations
  6889 | D:9      | Reached ***** piety under Trog
  7050 | D:9      | Reached skill level 6 in Polearms
  7050 | D:9      | Reached skill level 5 in Dodging
  7246 | D:9      | Got a spiked leather armour
  7257 | D:9      | Identified the +2 leather armour of Bextal {*Contam Str+7
                  | Slay+5} (You found it on level 9 of the Dungeon)
  7510 | D:9      | Found a staircase to the Orcish Mines.
  7612 | D:9      | Reached skill level 5 in Armour
  7846 | D:9      | Reached skill level 5 in Shields
  7846 | D:9      | Reached XP level 10. HP: 46/77 MP: 6/10
  7853 | D:9      | Reached skill level 7 in Polearms
  9015 | D:10     | Entered Level 10 of the Dungeon
  9174 | D:10     | Noticed a two-headed ogre
  9183 | D:10     | Killed a two-headed ogre
  9414 | D:10     | Noticed a gargoyle
  9414 | D:10     | Noticed a two-headed ogre
  9442 | D:10     | Killed a two-headed ogre
  9528 | D:10     | Killed an unseen horror
  9528 | D:10     | Reached skill level 8 in Polearms
  9555 | D:10     | Got a pitted garnet amulet
  9738 | D:10     | Noticed Maurice
  9745 | D:10     | Killed Maurice
  9745 | D:10     | Reached XP level 11. HP: 84/84 MP: 11/11
  9766 | D:10     | Found a staircase to the Lair.
  9902 | Lair:1   | Entered Level 1 of the Lair of Beasts
 10081 | Lair:1   | Noticed a four-headed hydra
 10091 | Lair:1   | Killed a four-headed hydra
 10091 | Lair:1   | Reached skill level 5 in Evocations
 10751 | Lair:2   | Reached skill level 9 in Polearms
 10780 | Lair:2   | Received a gift from Trog
 11070 | Lair:2   | Identified the amulet of Ureu {*Drain Regen+ Str+2 Dex+3
                  | Stlth+} (You found it on level 10 of the Dungeon)
 11493 | Lair:2   | Reached XP level 12. HP: 92/93 MP: 12/12
 11865 | Lair:3   | Found a broken altar of Ashenzari.
 11963 | Lair:3   | Found a staircase to the Swamp.
 11990 | Lair:3   | Reached skill level 10 in Polearms
 12369 | Lair:3   | Noticed Nergalle
 12380 | Lair:3   | Killed Nergalle
 12523 | Lair:4   | Noticed a five-headed hydra
 12531 | Lair:4   | Killed a five-headed hydra
 12663 | Lair:4   | Found a staircase to the Snake Pit.
 13302 | Lair:5   | Noticed a death yak
 13302 | Lair:5   | Noticed a death yak
 13302 | Lair:5   | Noticed a death yak
 13335 | Lair:5   | Found a runed translucent door.
 13335 | Lair:5   | Noticed Jeban's ghost (journeyman OpFi)
 13399 | Lair:5   | Killed a death yak
 13403 | Lair:5   | Killed a death yak
 13403 | Lair:5   | Gained mutation: You are completely covered in large bone
                  | plates. (SH +8) [demonic ancestry]
 13403 | Lair:5   | Reached XP level 13. HP: 81/101 MP: 9/13
 13446 | Lair:5   | Reached skill level 11 in Polearms
 13779 | Lair:5   | Found a runed translucent door.
 13946 | Lair:5   | Found a viscous altar of Jiyva.
 13952 | Lair:5   | Found a staircase to the Slime Pits.
 14050 | Lair:6   | Entered Level 6 of the Lair of Beasts
 14588 | Lair:6   | Found a shimmering altar of Xom.
 14834 | Lair:6   | Reached skill level 10 in Fighting
 15340 | Lair:6   | Reached skill level 12 in Polearms
 15340 | Lair:6   | Gained mutation: You have sharp fingernails. [demonic
                  | ancestry]
 15340 | Lair:6   | Reached XP level 14. HP: 110/110 MP: 14/14
 15407 | Lair:6   | Got a heavily runed granite ring
 15409 | Lair:6   | Identified the ring of Bulagh {Fire rN+ MP+9 Dex-4} (You
                  | found it on level 6 of the Lair of Beasts)
 15526 | Lair:5   | Killed Jeban's ghost
 15713 | Orc:1    | Entered Level 1 of the Orcish Mines
 15723 | Orc:1    | Found a flagged portal.
 15733 | Bailey   | Entered a bailey
 15909 | Bailey   | Identified the +5 ring mail of Guev {rF+++ Int-3 Dex+9
                  | Stlth-}
 15915 | Bailey   | Found a bloodstained altar of Trog.
 16182 | Orc:2    | Entered Level 2 of the Orcish Mines
 16182 | Orc:2    | Noticed a stone giant
 16215 | Orc:1    | Killed a stone giant
 16257 | Orc:2    | Noticed Donald
 16259 | Orc:2    | Paralysed by an ogre mage for 7 turns
 16266 | Orc:2    | HP: 5/111 [ogre mage/bolt of lightning (10)]
 16266 | Orc:2    | HP: 1/111 [Donald/+2 scimitar of distortion (4)]
 16266 | Orc:2    | Demolished by Donald

Illustrated notes

Levels and vault maps discovered:
D:1:      wander_arrival_peaceful_grave, layout_rooms
D:2:      layout_loops_ring, chequers_ecumenical_altar_grove, hex_tiny
D:3:      layout_basic
D:4:      layout_rooms, minmay_temple_entry_overgrown
D:5:      minmay_goblin_kobold_castle, layout_loops_ring,
          overflow_temple_1_default, basic_altar, serial_shops,
          kennysheep_mini_moat
D:6:      layout_basic, serial_shops, kennysheep_mini
D:7:      layout_rooms, chequers_serial_rivers_micro_e, grunt_gozag_statues,
          uniq_menkaure
D:8:      layout_basic, serial_shops, nicolae_shop_stone
D:9:      layout_layer_cave, david_orc_4, kennysheep_boxes
D:10:     minmay_the_grid_triangle_9x9_recursive_2_mashed
          [minmay_the_grid_triangle_9x9_prize_insulated,
          minmay_the_grid_triangle_9x9_corrupted_corridor,
          minmay_the_grid_triangle_9x9_pentomino_pain,
          minmay_the_grid_triangle_9x9_longest], layout_loops_cross,
          lair_entry_dummy, uniq_maurice
Lair:1:   layout_regular_city
Lair:2:   layout_small_grid, lemuel_fruit_tree, serial_bayou_shore_b
Lair:3:   layout_gridlike, swamp_mist_pool, basic_altar, uniq_nergalle
Lair:4:   layout_concentric_octagons, minmay_snake_entry_six_corridors
Lair:5:   layout_loops_ring, slime_altar_2, hellmonk_ghost_happy_afterlife,
          chequers_serial_rivers_room_b
Lair:6:   hangedman_lair_in_review, layout_loops_ring, kb_xom_exploding_sheep
Orc:1:    layout_caves, enter_bailey_2
Orc:2:    st_orc_ogre_mass, layout_caves, uniq_donald

Skill      XL: |  1  2  3  4  5  6  7  8  9 10 11 12 13 14 |
---------------+-------------------------------------------+-----
Throwing       | 1 |  1.3
Armour         | 1 2 3 4 5 6 7 8 9 |  9.2
Dodging        | 2 3 4 5 6 7 8 9 |  9.5
Shields        | 1 2 4 5 6 7 8 9 |  9.1
Polearms       | 2 3 4 5 6 8 9 10 12 | 12.0
Fighting       | 4 5 6 7 8 9 10 | 10.4
Crossbows      | 1 |  1.0
Evocations     | 3 4 6 7 8 |  8.8
Slings         | |  0.3
Stealth        | |  4.9
Unarmed Combat | |  1.7

Action                   |  1- 3 |  4- 6 |  7- 9 | 10-12 | 13-15 || total
-------------------------+-------+-------+-------+-------+-------++-------
Melee: Spear             |    14 |    62 |   368 |   532 |   512 ||  1488
 Fire: Hunting sling     |    19 |   122 |     6 |       |       ||   147
       Hand crossbow     |       |       |    42 |    16 |       ||    58
Throw: Dart              |       |       |       |     7 |    29 ||    36
Invok: Brothers in Arms  |       |       |     1 |     3 |     5 ||     9
       Trog's Hand       |       |       |       |     3 |     1 ||     4
  Use: Scroll            |       |     7 |     9 |     5 |     7 ||    28
       Potion            |       |       |       |     1 |       ||     1
 Stab: Sleeping          |     1 |     1 |     7 |    10 |     5 ||    24
       Distracted        |       |       |       |     1 |     2 ||     3
Armor: Leather armour    |     4 |    11 |     5 |    70 |    61 ||   151
       Plate armour      |       |     9 |    24 |       |       ||    33
       Ring mail         |       |     5 |    25 |       |       ||    30
       Scale mail        |       |       |    12 |       |       ||    12
Dodge: Dodged            |    15 |    28 |    76 |   138 |   160 ||   417
Block: Other             |     2 |       |       |       |       ||     2
       Buckler           |       |    23 |    82 |       |       ||   105
       Kite shield       |       |       |    81 |   295 |   357 ||   733

Table legend: (Time is in decaauts)
 A = Elapsed time spent in this place.
 B = Non-inter-level travel time spent in this place.
 C = Inter-level travel time spent in this place.
 D = Time resting spent in this place.
 E = Time spent auto-exploring this place.
 F = Levels seen in this place.
 G = Mean time per level.
                   A        B        C        D        E       F      G
               +--------+--------+--------+--------+--------+-----+--------+
         Total |  15969 |  14952 |   1017 |    580 |  11250 |  19 |  840.5 |
       Dungeon |  10025 |   9333 |    692 |    443 |   7051 |  10 | 1002.5 |
          Lair |   5440 |   5126 |    314 |     37 |   3994 |   6 |  906.7 |
  Orcish Mines |    232 |    221 |     11 |      0 |    109 |   2 |  116.0 |
        Bailey |    271 |    271 |      0 |    100 |     96 |   1 |  271.0 |
               +--------+--------+--------+--------+--------+-----+--------+

Top non-repeatable levels by time:
     D:9: 2217 daAuts
     D:5: 1469 daAuts
  Lair:6: 1340 daAuts
     D:7: 1105 daAuts
  Lair:2: 1006 daAuts
    D:10: 924 daAuts
  Lair:1: 867 daAuts
     D:3: 843 daAuts
     D:8: 833 daAuts
     D:6: 790 daAuts
  Lair:4: 770 daAuts
  Lair:5: 728 daAuts
  Lair:3: 726 daAuts
     D:2: 681 daAuts
     D:1: 629 daAuts
